 Seeded DCSS version 0.31-a0-640-g39d97e502b (webtiles) character file.

Game seed: 3877469281160814945 (custom seed)

3017 Mickster the Cruncher (level 9, -3/79 HPs)
             Began as a Hill Orc Berserker on Aug 28, 2023.
             Was a Believer of Trog.
             Slain by a cane toad (6 damage)
             ... on level 1 of the Lair of Beasts.
             The game lasted 00:23:29 (4754 turns).

Mickster the Cruncher (Hill Orc Berserker)          Turns: 4754, Time: 00:23:29

Health: -3/79      AC:  8    Str: 28    XL:     9   Next: 85%
Magic:  9/9        EV: 11    Int:  7    God:    Trog [**....]
Gold:   64         SH:  0    Dex: 12    Spells: 8/8 levels left

rFire   . . .        m - +5 quarterstaff (chaos)
rCold   + . .        (shield currently unavailable)
rNeg    . . .        e - +0 scale mail
rPois   .            (no helmet)
rElec   .            (no cloak)
rCorr   .            (no gloves)
SInv    .            d - +0 pair of boots
Will    .....        (no amulet) Stlth
                     B - +6 ring of strength
HPRegen 0.33/turn    j - ring of protection from cold
MPRegen 0.11/turn

%: no passive effects
@: lethally poisoned (-3 -> -6), on berserk cooldown, slowed, very slow
A: no striking features
a: Renounce Religion, Berserk, Trog's Hand


You were on level 1 of the Lair of Beasts.
You worshipped Trog.
Trog was pleased with you.
You visited 2 branches of the dungeon, and saw 7 of its levels.

You collected 283 gold pieces.
You spent 219 gold pieces at shops.

Inventory:

Hand Weapons
 a - a +0 hand axe
 m - a +5 quarterstaff of chaos (weapon)
 o - a +1 hammer of protection
 w - a +3 spear
 y - a +2 heavy flail
Missiles
 c - 20 poisoned darts (quivered)
 l - a throwing net
Armour
 d - a +0 pair of boots (worn)
 e - a +0 scale mail (worn)
 n - a +2 cloak of poison resistance
 D - a +0 cloak
Jewellery
 j - a ring of protection from cold (right hand)
 u - a +6 ring of intelligence
 z - a ring of protection from cold
 B - a +6 ring of strength (left hand)
Wands
 x - a wand of light (4)
Scrolls
 r - a scroll of teleportation
 t - a scroll of blinking
 A - a scroll of immolation
 C - a scroll of identify
Potions
 b - a potion of berserk rage {unknown}
 f - a potion of mutation {unknown}
 g - 5 potions of brilliance {unknown}
 h - 2 potions of might {unknown}
 i - 4 potions of curing {unknown}
 k - 2 potions of attraction {unknown}
 q - a potion of heal wounds {unknown}
 s - a potion of lignification {unknown}
 v - 2 potions of degeneration {unknown}
 E - a potion of enlightenment {unknown}


   Skills:
 + Level 7.4 Fighting
 - Level 5.9 Axes
 * Level 9.1 Staves
 + Level 6.0 Armour
 + Level 2.9 Dodging
 + Level 1.3 Stealth


You had 8 spell levels left.
You didn't know any spells.
Your spell library was empty.

Dungeon Overview and Level Annotations

Branches:
Dungeon (8/15)               Lair (1/5) D:8
 Temple: D:4-7

Altars:
Ashenzari
Dithmenos
Makhleb
Uskayaw

Shops:
D:4 :   D:5 (


Message History

The blink frog hits you.
The cane toad stings you but does no damage.
The blink frog hits you! The cane toad closely misses you.
You hit the cane toad but do no damage.
The cane toad is lightly wounded.
The blink frog blinks!
The cane toad misses you.
You sock the cane toad!
The cane toad suddenly seems more agile.
The cane toad is moderately wounded.
The cane toad misses you. The cane toad stings you.
The blink frog blinks!
You barely miss the cane toad.
The cane toad is moderately wounded.
The cane toad stings you.
You hit the cane toad but do no damage.
The cane toad is moderately wounded.
The cane toad stings you. x2
* * * LOW HITPOINT WARNING * * *
You are poisoned.
The cane toad poisons you!
You closely miss the cane toad.
The cane toad is moderately wounded.
You feel very sick. The cane toad stings you!
* * * LOW HITPOINT WARNING * * *
You hit the cane toad.
The cane toad is heavily wounded.
* * * LOW HITPOINT WARNING * * *
You feel very sick.
The cane toad stings you but does no damage. x2
As you read the scroll of fear, it crumbles to dust.
You assume a fearsome visage.
The blink frog looks frightened!
The cane toad easily resists.
* * * LOW HITPOINT WARNING * * *
You feel very sick.
The blink frog blinks!
The cane toad completely misses you.
The blink frog blinks!
The cane toad stings you but does no damage.
* * * LOW HITPOINT WARNING * * *
You feel sick. The cane toad stings you.
You die...

.....####.##.####
.............#P.####
...................#
.†.................#
##.########P.#P###.##
#### ###### #.P# P#
##.## ## #########.†#
. .......F@..# ..
......>...§# ..
....##.##### ... ...
## .


You could see a cane toad (agile).

Vanquished Creatures
  2 blink frogs (Lair:1)
  Sigmund (D:2)
  8 yaks
  Menkaure (D:4)
  Duvessa (D:4)
  2 water moccasins
  An ice beast (D:8)
  2 phantoms
  A centaur (D:5)
  A kobold brigand (D:8)
  Dowan (D:4)
  Crazy Yiuf (D:2)
  An orc priest (D:8)
  A hound (D:3)
  An iguana (D:5)
  Natasha (twice) (D:2)
  3 orc wizards
  11 gnolls
  8 adders
  A shadow imp (D:5)
  A worm (D:3)
  A dart slug (D:2)
  7 orcs
  4 ball pythons
  6 endoplasms
  3 giant cockroaches
  5 goblins
  7 hobgoblins
  4 jackals (D:2)
  3 quokkas
  3 bats
  A frilled lizard (D:1)
  9 kobolds
  4 rats
108 creatures vanquished.

Notes
Turn   | Place    | Note
-------+----------+-------------------------------------------
     0 | D:1      | Mickster the Hill Orc Berserker began the quest for the
                  | Orb.
     0 | D:1      | Reached XP level 1. HP: 19/19 MP: 1/1
    61 | D:1      | Reached XP level 2. HP: 27/27 MP: 2/2
   939 | D:2      | Noticed Natasha
   953 | D:2      | Killed Natasha
   954 | D:2      | Reached skill level 5 in Axes
   954 | D:2      | Reached XP level 3. HP: 33/33 MP: 3/3
  1066 | D:2      | Reached XP level 4. HP: 32/40 MP: 4/4
  1315 | D:2      | Found a runed translucent door.
  1316 | D:2      | Noticed Crazy Yiuf
  1330 | D:2      | Killed Crazy Yiuf
  1437 | D:2      | Noticed Sigmund
  1444 | D:2      | Killed Sigmund
  1445 | D:2      | Reached skill level 1 in Staves
  1445 | D:2      | Reached XP level 5. HP: 46/47 MP: 5/5
  1445 | D:2      | Reached XP level 6. HP: 54/55 MP: 6/6
  1466 | D:2      | Noticed Natasha
  1469 | D:2      | Killed Natasha
  1470 | D:2      | Reached skill level 5 in Fighting
  2196 | D:3      | Reached skill level 2 in Staves
  2296 | D:3      | Reached ** piety under Trog
  2644 | D:4      | Reached XP level 7. HP: 59/61 MP: 7/7
  2666 | D:4      | Noticed Duvessa
  2666 | D:4      | Noticed Dowan
  2677 | D:4      | Killed Duvessa
  2678 | D:4      | Reached skill level 3 in Staves
  2681 | D:4      | Killed Dowan
  2713 | D:4      | Noticed a +0 dagger
  2713 | D:4      | Noticed a +0 spear
  2713 | D:4      | Noticed a +0 short sword
  2714 | D:4      | Noticed a +0 short sword
  2714 | D:4      | Noticed a +0 dagger
  2715 | D:4      | Noticed a +0 spear
  2716 | D:4      | Noticed a +0 falchion
  2716 | D:4      | Noticed a +0 falchion
  2717 | D:4      | Found a hide-covered altar of Uskayaw.
  2725 | D:4      | Found a burning altar of Makhleb.
  2773 | D:4      | Noticed Menkaure
  2777 | D:4      | Killed Menkaure
  2778 | D:4      | Reached skill level 4 in Staves
  3212 | D:4      | Found Qux Sef's Tremendous Tomes.
  3498 | D:5      | Entered Level 5 of the Dungeon
  3537 | D:5      | Reached XP level 8. HP: 59/69 MP: 8/8
  3545 | D:5      | Reached skill level 5 in Staves
  3906 | D:5      | Reached skill level 1 in Stealth
  4033 | D:5      | Found a broken altar of Ashenzari.
  4033 | D:5      | Found Tiuqutt's Weapon Shoppe.
  4040 | D:5      | Bought a +2 heavy flail for 219 gold pieces
  4093 | D:5      | You fall into a shaft and drop 3 floors!
  4120 | D:8      | Found a shadowy altar of Dithmenos.
  4120 | D:8      | Noticed a yak
  4125 | D:8      | Noticed a yak
  4125 | D:8      | Noticed a yak
  4133 | D:8      | Killed a yak
  4134 | D:8      | Reached skill level 6 in Staves
  4134 | D:8      | Reached skill level 5 in Armour
  4138 | D:8      | Killed a yak
  4141 | D:8      | Killed a yak
  4310 | D:8      | Reached skill level 7 in Staves
  4310 | D:8      | Reached XP level 9. HP: 78/78 MP: 9/9
  4601 | D:8      | Found a staircase to the Lair.
  4614 | Lair:1   | Entered Level 1 of the Lair of Beasts
  4636 | Lair:1   | Reached skill level 8 in Staves
  4741 | Lair:1   | Reached skill level 9 in Staves
  4743 | Lair:1   | Noticed a cane toad
  4754 | Lair:1   | HP: 3/79 [poisoned by a cane toad]
  4754 | Lair:1   | Slain by a cane toad

Illustrated notes

Levels and vault maps discovered:
D:1:      amcnicky_arrival_underground_garden, layout_loops_ring
D:2:      layout_basic, minmay_misc_feat_hallway, serial_bayou_lagoon_b,
          uniq_natasha, uniq_sigmund, uniq_crazy_yiuf_cottage
D:3:      layout_rooms
D:4:      layout_gridville, lemuel_crystal_altar, nicolae_uskayaw_en_pointe,
          minmay_tree_intersection, nicolae_shop_i_like_big_books, uniq_duvessa,
          uniq_menkaure
D:5:      layout_basic, old_standard_altar, overflow_temple_1_default,
          nicolae_overflow_hidden_temple, serial_shops,
          nicolae_shop_bloodbath_and_beyond, portal_sewer_entry_e
D:8:      layout_basic, mainiacjoe_overflow_boulevard, lair_entry_dummy
Lair:1:   layout_small_grid

Skill      XL: |  1  2  3  4  5  6  7  8  9 |
---------------+----------------------------+-----
Fighting       | 4 5 6 7 |  7.4
Axes           | 5 |  5.9
Staves         | 1 2 4 7 9 |  9.1
Armour         | 3 4 5 6 |  6.0
Dodging        | 2 |  2.9
Stealth        | 1 |  1.3

Action                     |  1- 3 |  4- 6 |  7- 9 || total
---------------------------+-------+-------+-------++-------
  Melee: Hand axe          |    54 |     9 |       ||    63
         Quarterstaff      |       |    58 |   146 ||   204
 Invoke: Berserk           |       |     4 |     8 ||    12
         Trog's Hand       |       |     1 |     2 ||     3
    Use: Scroll            |       |     2 |     6 ||     8
 Armour: Scale mail        |    20 |    31 |    65 ||   116
         Animal skin       |     4 |       |       ||     4
  Dodge: Dodged            |    34 |    35 |    93 ||   162

Table legend: (Time is in decaauts)
 A = Elapsed time spent in this place.
 B = Non-inter-level travel time spent in this place.
 C = Inter-level travel time spent in this place.
 D = Time resting spent in this place.
 E = Time spent auto-exploring this place.
 F = Levels seen in this place.
 G = Mean time per level.
                   A        B        C        D        E       F      G
               +--------+--------+--------+--------+--------+-----+--------+
         Total |   4896 |   4776 |    120 |     43 |   3181 |   7 |  699.4 |
       Dungeon |   4752 |   4632 |    120 |     43 |   3113 |   6 |  792.0 |
          Lair |    143 |    143 |      0 |      0 |     68 |   1 |  143.0 |
               +--------+--------+--------+--------+--------+-----+--------+

Top non-repeatable levels by time:
     D:2: 1301 daAuts
     D:4: 949 daAuts
     D:1: 802 daAuts
     D:5: 596 daAuts
     D:3: 570 daAuts
     D:8: 531 daAuts
  Lair:1: 143 daAuts
